Workbook

Sheet OFERTAS PRESENTADAS
B2: REGISTRADURÍA NACIONAL DEL ESTADO CIVIL Y SU FONDO ROTATORIO
B4: OFERTAS PRESENTADAS
B6: SELECCIÓN ABREVIADA DE MENOR CUANTÍA No. SAMC 025 DE 2026 FRR SEGURO DRONES Y SOAT
B8: GRUPO | C8: PÓLIZAS | D8: OFERENTES
B9: UNO | C9: CASCO AVIACIÓN (DRONES) | D9: ZURICH COLOMBIA SEGUROS SA
B10: UNO | C10: CASCO AVIACIÓN (DRONES) | D10: AXA COLPATRIA SEGUROS SA

Sheet COND ADIC. G1 DRONES
B2: =+'OFERTAS PRESENTADAS'!$B$2:$E$2 -> REGISTRADURÍA NACIONAL DEL ESTADO CIVIL Y SU FONDO ROTATORIO
B3: FORMATO EVALUACIÓN DE LAS CONDICIONES TÉCNICAS ADICIONALES
B4: GRUPO UNO
B5: PÓLIZA DE SEGURO DE CASCO AVIACIÓN AERONAVES NO TRIPULADAS (DRONES)
B6: OBJETO DEL SEGURO
B7: Amparar las pérdidas o daños y la responsabilidad civil frente a terceros y las pérdidas o daños materiales que afecten a las aeronaves no tripuladas (Drones) de propiedad de la REGISTRADURIA NACIONAL DEL ESTADO CIVIL Y SU FONDO ROTATORIO, bajo su responsabilidad, tenencia y/o control, y en general los recibidos a cualquier titulo y/o por los que tenga algún interés asegurable. Acorde con las disposiciones legales que se encuentran en la RAC 100, fue adoptado mediante Resolución número 01983 del 27 de septiembre 2023 y publicada en el Diario Oficial No. 52.531 del 27 de septiembre de 2023, y se incorpora a los Reglamentos Aeronáuticos de Colombia – RAC
B8: CRITERIOS DE EVALUACIÓN:
B9: NOTA: | C9: CADA SUBLÍMITE OFRECIDO EN FORMA ADICIONAL QUEDA CONTEMPLADO DENTRO DEL VALOR ASEGURADO. | F9: ='OFERTAS PRESENTADAS'!D9 -> ZURICH COLOMBIA SEGUROS SA | H9: ='OFERTAS PRESENTADAS'!D10 -> AXA COLPATRIA SEGUROS SA
B10: CONDICIÓN REQUERIDA PARA EVALUACIÓN | D10: CRITERIO DE EVALUACIÓN | E10: PUNTAJE ESTABLECIDO | F10: OFRECIMIENTO DEL PROPONENTE | G10: PUNTOS | H10: OFRECIMIENTO DEL PROPONENTE | I10: PUNTOS
B11: COMPROMISO PARA EL PAGO DE LAS INDEMNIZACIONES Plazo de diez (10) días hábiles. | D11: Se califica el menor número de días una vez demostrada ocurrencia y cuantía. | E11: 4 | F11: PLAZO DE CUATRO (4) DIAS HÁBILES | G11: 4 | H11: SE OTORGA 5 DIAS HABILES | I11: =4*4/5 -> 3.2
B12: COBERTURA PARA DRONES EN TIERRA La aseguradora se obliga a brindar cobertura a los drones cuando no se encuentren en operación. | D12: Se califica el otorgamiento de este amparo | E12: 12 | F12: SE OTORGA | G12: 12 | H12: SE OTORGA | I12: 12
B13: LÍMITE AGREGADO DE INDEMNIZACIÓN Sublímite de $50.000.000 El cual se aplicará como agregado en las reclamaciones presentadas bajo esta póliza (excepto para Terremoto, HMACC, AMIT Y Sabotaje) es decir, la aseguradora indemnizará los montos de los deducibles a cargo del límite ofertado, hasta agotar el mismo. El límite de los $50.000.000 se agota así: (i) Para los siniestros que son superiores al valor del deducible, con los valores de los deducibles que se habrían aplicado en caso de no otorgarse esta cobertura. (ii) Para los siniestros que son inferiores al valor del deducible, con el valor indemnizado por la compañía de seguros. Una vez agotado el límite, la aseguradora aplicará los deducibles establecidos para los amparos correspondientes. | D13: Se califica el ofrecimiento de esta cláusula | E13: 14 | F13: SE OTORGA | G13: 14 | H13: NO SE OTORGA | I13: 0
B14: MÁXIMO CALIFICACIÓN | E14: =SUM(E11:E13) -> 30 | F14: CALIFICACIÓN | G14: =SUM(G11:G13) -> 30 | H14: CALIFICACIÓN | I14: =SUM(I11:I13) -> 15.2

Sheet EVAL DEDUCIBLES DRONES 
B2: ='COND ADIC. G1 DRONES'!B2 -> REGISTRADURÍA NACIONAL DEL ESTADO CIVIL Y SU FONDO ROTATORIO
B5: EVALUACIÓN DE DEDUCIBLES GRUPO UNO
B7: PÓLIZA DE SEGURO DE CASCO AVIACIÓN AERONAVES NO TRIPULADAS (DRONES)
B9: PROPONENTE | D9: ='COND ADIC. G1 DRONES'!F9 -> ZURICH COLOMBIA SEGUROS SA | F9: ='COND ADIC. G1 DRONES'!H9 -> AXA COLPATRIA SEGUROS SA
B10: 1- DEDUCIBLES DE CASCO: Cinco (5) puntos
B11: RANGO DE DEDUCIBLES PORCENTUAL | C11: PUNTAJE SOBRE EL VALOR DE LA PERDIDA | D11: DEDUCIBLE OFERTADO | E11: PUNTOS OBTENIDOS | F11: DEDUCIBLE OFERTADO | G11: PUNTOS OBTENIDOS
B12: Sin deducible | C12: 5,00 Puntos | D12: SIN DEDUCIBLE | E12: 5 | F12: SE OTORGA DEDUCIBLE DE 5% SOBRE EL VALOR DE LA PERDIDA | G12: 4
B13: Superior a 5.0% y hasta 6,0% | C13: 4,00 Puntos
B14: Superior a 6.0% y hasta 7,0% | C14: 3,00 Puntos
B15: Superior a 7.0% y hasta 8,0% | C15: 2,00 Puntos
B16: Superior a 8.0% y hasta 10,0% | C16: 1,00 Puntos
B17: Superior a 10,0% | C17: SE RECHAZA LA OFERTA
B18: 2- RESPONSABILIDAD A TERCEROS (únicamente para daños a propiedad): Cinco (5) puntos
B19: RANGO DEL DEDUCIBLES MÍNIMOS | C19: PUNTAJE SOBRE EL VALOR DE LA PERDIDA | D19: DEDUCIBLE OFERTADO | E19: PUNTOS OBTENIDOS | F19: DEDUCIBLE OFERTADO | G19: PUNTOS OBTENIDOS
B20: Sin deducible | C20: 5,00 Puntos | D20: SIN DEDUCIBLE | E20: 5 | F20: SE OTORGA SIN DEDUCIBLE | G20: 5
B21: Superior a $0 y hasta $800.000 | C21: 4,00 Puntos
B22: Superior a $800.000 y hasta 1.500.000 | C22: 3,00 Puntos
B23: Superior a $1.500.000 y hasta $2.200.000 | C23: 2,00 Puntos
B24: Superior a $2.200.000 y hasta $2.700.000 | C24: 1,00 Puntos
B25: Superior a $2,700.000 | C25: SE RECHAZA LA OFERTA
B26: CALIFICACIÓN | D26: =E20+E12 -> 10 | F26: =G20+G12 -> 9

Sheet VERIFI ECONO G 1 
B2: ='EVAL DEDUCIBLES DRONES '!$B$2:$G$2 -> REGISTRADURÍA NACIONAL DEL ESTADO CIVIL Y SU FONDO ROTATORIO
B4: VERIFICACIÓN ECONÓMICA GRUPO UNO
B6: ='EVAL DEDUCIBLES DRONES '!D9 -> ZURICH COLOMBIA SEGUROS SA
B7: PRESUPUESTO DISPONIBLE VIGENCIA | I7: OFRECIMIENTO DEL PROPONENTE VIGENCIA
B8: PÓLIZAS | D8: VALOR ASEGURADO | E8: TASA | F8: PRIMA NETA | G8: IVA (19%) | H8: PRIMA TOTAL INCLUIDO IVA | I8: VIGENCIA OFERTADA No. DE DÍAS | J8: TASA
K9: PRIMA NETA DE LA VIGENCIA OFRECIDA | L9: IVA (19%) | M9: PRIMA TOTAL DE LA VIGENCIA OFRECIDA INCLUIDO IVA
B10: 1- PÓLIZA DE SEGURO DE CASCO AVIACIÓN AERONAVES NO TRIPULADAS (DRONES) | C10: DRONES | D10: 45463117 | E10: 38.425 | F10: =(((D10*E10)/100)/365)*731 -> 34986266 | G10: =+F10*19% -> 6647390.6 | H10: =+F10+G10 -> 41633657 | I10: 731 | J10: 56.553051 | K10: =(((D10*J10)/100)/365)*I10 -> 51492000 | L10: =+K10*19% -> 9783480 | M10: =+K10+L10 -> 61275480
C11: RC EXTRACONTRACTUAL | D11: 3.7655637e+10 | E11: 0.052000001 | F11: =(((D11*E11)/100)/365)*731 -> 39215509 | G11: =+F11*19% -> 7450946.8 | H11: =+F11+G11 -> 46666456
B12: OFERTA TOTAL | F12: =SUM(F10:F11) -> 74201775 | G12: =SUM(G10:G11) -> 14098337 | H12: =SUM(H10:H11) -> 88300113 | K12: =SUM(K10:K11) -> 51492000 | L12: =SUM(L10:L11) -> 9783480 | M12: =SUM(M10:M11) -> 61275480
B14: ='EVAL DEDUCIBLES DRONES '!F9 -> AXA COLPATRIA SEGUROS SA
B15: PRESUPUESTO DISPONIBLE VIGENCIA | I15: OFRECIMIENTO DEL PROPONENTE VIGENCIA
B16: PÓLIZAS | D16: VALOR ASEGURADO | E16: TASA | F16: PRIMA NETA | G16: IVA (19%) | H16: PRIMA TOTAL INCLUIDO IVA | I16: VIGENCIA OFERTADA No. DE DÍAS | J16: TASA
K17: PRIMA NETA DE LA VIGENCIA OFRECIDA | L17: IVA (19%) | M17: PRIMA TOTAL DE LA VIGENCIA OFRECIDA INCLUIDO IVA
B18: 1- PÓLIZA DE SEGURO DE CASCO AVIACIÓN AERONAVES NO TRIPULADAS (DRONES) | C18: DRONES | D18: 45463117 | E18: 38.425 | F18: =(((D18*E18)/100)/365)*731 -> 34986266 | G18: =+F18*19% -> 6647390.6 | H18: =+F18+G18 -> 41633657 | I18: 914 | J18: 30.731593 | K18: =(((D18*J18)/100)/365)*I18 -> 34986267 | L18: =+K18*19% -> 6647390.8 | M18: =+K18+L18 -> 41633658
C19: RC EXTRACONTRACTUAL | D19: 3.7655637e+10 | E19: 0.052000001 | F19: =(((D19*E19)/100)/365)*731 -> 39215509 | G19: =+F19*19% -> 7450946.8 | H19: =+F19+G19 -> 46666456 | I19: 914 | J19: 0.041588621 | K19: =(((D19*J19)/100)/365)*I19 -> 39215508 | L19: =+K19*19% -> 7450946.6 | M19: =+K19+L19 -> 46666455
B20: OFERTA TOTAL | F20: =SUM(F18:F19) -> 74201775 | G20: =SUM(G18:G19) -> 14098337 | H20: =SUM(H18:H19) -> 88300113 | K20: =SUM(K18:K19) -> 74201776 | L20: =SUM(L18:L19) -> 14098337 | M20: =SUM(M18:M19) -> 88300113

Sheet RESUMEN EVAL ECONÓMICA G1
B3: ='VERIFI ECONO G 1 '!B2:L2 -> REGISTRADURÍA NACIONAL DEL ESTADO CIVIL Y SU FONDO ROTATORIO
B6: RESUMEN EVALUACIÓN ECONÓMICA GRUPO UNO
B9: PÓLIZAS - GRUPO ÚNICO | C9: MAYOR VIGENCIA ADICIONAL
C10: ='VERIFI ECONO G 1 '!B6 -> ZURICH COLOMBIA SEGUROS SA | G10: ='VERIFI ECONO G 1 '!B14 -> AXA COLPATRIA SEGUROS SA
C11: VIGENCIA MÍNIMA REQUERIDA EN DÍAS | D11: VIGENCIA OFERTADA EN DÍAS | E11: VIGENCIA ADICIONAL OFRECIDA | F11: PUNTAJE | G11: VIGENCIA MÍNIMA REQUERIDA EN DÍAS | H11: VIGENCIA OFERTADA EN DÍAS | I11: VIGENCIA ADICIONAL OFRECIDA | J11: PUNTAJE
B12: 1- PÓLIZA DE SEGURO DE CASCO AVIACIÓN AERONAVES NO TRIPULADAS (DRONES) | C12: 731 | D12: ='VERIFI ECONO G 1 '!I10 -> 731 | E12: =D12-C12 -> 0 | F12: 0 | G12: 731 | H12: ='VERIFI ECONO G 1 '!I18 -> 914 | I12: =H12-G12 -> 183 | J12: 49.75

Sheet APOYO INDUSTRIA NAL
B2: ='RESUMEN EVAL ECONÓMICA G1'!B3 -> REGISTRADURÍA NACIONAL DEL ESTADO CIVIL Y SU FONDO ROTATORIO
B5: EVALUACIÓN APOYO A LA INDUSTRIA NACIONAL (LEY 816 DE 2003)
B9: GRUPO UNO
B10: CRITERIO OFERENTE | C10: ='RESUMEN EVAL ECONÓMICA G1'!C10 -> ZURICH COLOMBIA SEGUROS SA | D10: ='RESUMEN EVAL ECONÓMICA G1'!G10 -> AXA COLPATRIA SEGUROS SA
B11: Si el proponente se compromete a que, del total del personal requerido en el anexo técnico para la ejecución del contrato, vinculará un porcentaje igual o superior al 40% de nacionalidad colombiana como empleados o contratistas por prestación de servicios | C11: 10 | D11: 10
B12: El oferente nacional colombiano persona jurídica constituida de conformidad con la legislación colombiana o proponente plural conformado por estos que vincule personal mínimo colombiano entre el 1% y el 39% del total del personal asociado en la operación de la compañía, para el cumplimiento del contrato, a través de empleados o contratistas que presten servicios profesionales, técnicos u operativos.
B13: En el caso que el proponente no certifique las circunstancias anteriores (Bienes o servicios) que NO realicen la vinculación de personas naturales o jurídicas que presten servicios profesionales, técnicos u operativos, o incorporación de bienes de origen nacional
B15: GRUPO DOS
B16: CRITERIO OFERENTE | C16: =#REF! -> #REF! | D16: =#REF! -> #REF!
B17: Si el proponente se compromete a que, del total del personal requerido en el anexo técnico para la ejecución del contrato, vinculará un porcentaje igual o superior al 40% de nacionalidad colombiana como empleados o contratistas por prestación de servicios | C17: 10 | D17: 10
B18: El oferente nacional colombiano persona jurídica constituida de conformidad con la legislación colombiana o proponente plural conformado por estos que vincule personal mínimo colombiano entre el 1% y el 39% del total del personal asociado en la operación de la compañía, para el cumplimiento del contrato, a través de empleados o contratistas que presten servicios profesionales, técnicos u operativos. | C18: 10 | D18: 10
B19: En el caso que el proponente no certifique las circunstancias anteriores (Bienes o servicios) que NO realicen la vinculación de personas naturales o jurídicas que presten servicios profesionales, técnicos u operativos, o incorporación de bienes de origen nacional | C19: 10 | D19: 10

Sheet APOYO EMPRESAS MUJERES
B2: ='APOYO INDUSTRIA NAL'!B2 -> REGISTRADURÍA NACIONAL DEL ESTADO CIVIL Y SU FONDO ROTATORIO
B5: APOYO EMPRESAS DE MUJERES (D 1860/2021)
C10: GRUPO UNO
B11: CRITERIO OFERENTE | C11: ='APOYO INDUSTRIA NAL'!C10 -> ZURICH COLOMBIA SEGUROS SA | D11: ='APOYO INDUSTRIA NAL'!D10 -> AXA COLPATRIA SEGUROS SA
B12: Cuando más del cincuenta por ciento (50%) de las acciones, partes de interés o cuotas de participación de la persona jurídica (proponente) pertenezcan a mujeres y los derechos de propiedad hayan pertenecido a estas durante al menos el último año anterior a la fecha de cierre del Proceso de Selección. | C12: 0 | D12: 0.25
B13: Cuando por lo menos el cincuenta por ciento (50%) de los empleos del nivel directivo 1 de la persona jurídica sean ejercidos por mujeres y éstas hayan estado vinculadas laboralmente a la empresa durante al menos el último año anterior a la fecha de cierre del Proceso de Selección en el mismo cargo u otro del mismo nivel.
B14: Cuando la persona natural sea una mujer y haya ejercido actividades comerciales a través de un establecimiento de comercio durante al menos el último año anterior a la fecha de cierre del proceso de selección.
B15: Para las asociaciones y cooperativas, cuando más del cincuenta por ciento (50%) de los asociados sean mujeres y la participación haya correspondido a estas durante al menos el último año anterior a la fecha de cierre del Proceso de Selección

Sheet  EVALUACION CONSOLIDADA G1 
B3: ='APOYO EMPRESAS MUJERES'!$B$2 -> REGISTRADURÍA NACIONAL DEL ESTADO CIVIL Y SU FONDO ROTATORIO
B6: EVALUACIÓN CONSOLIDADA GRUPO UNO
B10: ='APOYO EMPRESAS MUJERES'!C11 -> ZURICH COLOMBIA SEGUROS SA | J10: REDUCCION DE PUNTAJE POR MULTAS Y SANCIONES
B11: POLIZAS | C11: CONDICIONES ADICIONALES | D11: EVALUACIÓN ECONÓMICA | E11: DEDUCIBLES | F11: LEY 816 PROTECC. IND. NAL. | G11: APOYO EMPRESAS DE MUEJRES (D. 1860/2021) | H11: SUBTOTAL | I11: CALIFICACIÓN FINAL | J11: SE CONSULTA EL RUES Y SE VERIFICA QUE EL PROPONENTE NO TIENE MULTAS O SANCIONES VIGENTES DENTRO DEL ULTIMO ANO. NO HAY REDUCCION DE PUNTAJE
B12: PÓLIZA DE SEGURO DE CASCO AVIACIÓN AERONAVES NO TRIPULADAS (DRONES) | C12: ='COND ADIC. G1 DRONES'!G14 -> 30 | D12: ='RESUMEN EVAL ECONÓMICA G1'!E12 -> 0 | E12: ='EVAL DEDUCIBLES DRONES '!D26 -> 10 | F12: ='APOYO INDUSTRIA NAL'!C11 -> 10 | G12: ='APOYO EMPRESAS MUJERES'!C12 -> 0 | H12: =C12+D12+E12+F12+G12 -> 50 | I12: =H12 -> 50
B13: TOTAL PUNTOS | I13: =SUM(I12:I12) -> 50
B16: ='APOYO EMPRESAS MUJERES'!D11 -> AXA COLPATRIA SEGUROS SA | J16: REDUCCION DE PUNTAJE POR MULTAS Y SANCIONES
B17: POLIZAS | C17: CONDICIONES ADICIONALES | D17: EVALUACIÓN ECONÓMICA | E17: DEDUCIBLES | F17: LEY 816 PROTECC. IND. NAL. | G17: APOYO EMPRESAS DE MUEJRES (D. 1860/2021) | H17: SUBTOTAL | I17: CALIFICACIÓN FINAL | J17: SE CONSULTA EL RUES Y SE VERIFICA QUE EL PROPONENTE NO TIENE MULTAS O SANCIONES VIGENTES DENTRO DEL ULTIMO ANO. NO HAY REDUCCION DE PUNTAJE
B18: PÓLIZA DE SEGURO DE CASCO AVIACIÓN AERONAVES NO TRIPULADAS (DRONES) | C18: ='COND ADIC. G1 DRONES'!I14 -> 15.2 | D18: ='RESUMEN EVAL ECONÓMICA G1'!J12 -> 49.75 | E18: ='EVAL DEDUCIBLES DRONES '!F26 -> 9 | F18: ='APOYO INDUSTRIA NAL'!D11 -> 10 | G18: ='APOYO EMPRESAS MUJERES'!D12 -> 0.25 | H18: =C18+D18+E18+F18+G18 -> 84.2 | I18: =H18 -> 84.2
B19: TOTAL PUNTOS | I19: =SUM(I18:I18) -> 84.2

Sheet RESUMEN CONSOLIDADO G1
B3: =' EVALUACION CONSOLIDADA G1 '!B3:J3 -> REGISTRADURÍA NACIONAL DEL ESTADO CIVIL Y SU FONDO ROTATORIO
B6: RESUMEN CONSOLIDADO GRUPO UNO
B9: PÓLIZAS | C9: OFERENTE | D9: CALIFICACIÓN FINAL | E9: TOTAL PRIMAS VIGENCIA
B10: 1- - PÓLIZA DE SEGURO DE CASCO AVIACIÓN AERONAVES NO TRIPULADAS (DRONES) | C10: ='OFERTAS PRESENTADAS'!D9 -> ZURICH COLOMBIA SEGUROS SA | D10: =' EVALUACION CONSOLIDADA G1 '!I13 -> 50 | E10: ='VERIFI ECONO G 1 '!M10+'VERIFI ECONO G 1 '!M11 -> 61275480
B11: PRIMAS TOTALES | E11: =SUM(E10:E10) -> 61275480
B12: VIGENCIA TOTAL OFRECIDA EN DÍAS | E12: ='VERIFI ECONO G 1 '!I10 -> 731
B13: PÓLIZAS | C13: OFERENTE | D13: CALIFICACIÓN FINAL | E13: TOTAL PRIMAS VIGENCIA
B14: 1- - PÓLIZA DE SEGURO DE CASCO AVIACIÓN AERONAVES NO TRIPULADAS (DRONES) | C14: =' EVALUACION CONSOLIDADA G1 '!B16 -> AXA COLPATRIA SEGUROS SA | D14: =' EVALUACION CONSOLIDADA G1 '!I18 -> 84.2 | E14: ='VERIFI ECONO G 1 '!M20 -> 88300113
B15: PRIMAS TOTALES | E15: =SUM(E14:E14) -> 88300113
B16: VIGENCIA TOTAL OFRECIDA EN DÍAS | E16: ='RESUMEN EVAL ECONÓMICA G1'!H12 -> 914
B17: VIGENCIA MÍNIMA REQUERIDA | E17: 731 DÍAS
B18: PRESUPUESTO ESTIMADO | E18: 88300113
B19: EL EVALUADOR RECOMIENDA AL ORDENADOR DEL GASTO ADJUDICAR EL GRUPO UNO DEL PROCESO DE SELECCIÓN AL PROPONENTE AXA COLPATRIA SEGUROS SA QUIEN HABILITÓ SU OFERTA EN LO JURÍDICO, TÉCNICO Y FINANCIERO Y OCUPÓ EL PRIMER ORDEN DE ELEGIBILIDAD CON UNA PUNTUACIÓN DE 84.20 SOBRE 100.00
